 Dungeon Crawl Stone Soup version 0.31-a0-1447-g87ca8d402b (webtiles) character file.

Game seed: 162028666843953465

686 Arcadio the Gusty (level 7, -4/36 HPs)
             Began as a Tengu Air Elementalist on Dec 27, 2023.
             Was a Believer of Fedhas.
             Slain by an ice beast (10 damage)
             ... on level 4 of the Dungeon.
             The game lasted 00:12:13 (5317 turns).

Arcadio the Gusty (Tengu Air Elementalist)          Turns: 5317, Time: 00:12:14

Health: -4/36      AC:  5    Str:  9    XL:     7   Next: 62%
Magic:  4/14       EV: 18    Int: 17    God:    Fedhas [**....]
Gold:   208        SH:  0    Dex: 14    Spells: 5/15 levels left

rFire   . . .        u - +2 dagger (flame)
rCold   . . .        (no shield)
rNeg    . . .        a - +0 robe
rPois   .            (helmet restricted)
rElec   .            n - +1 cloak {Stlth+}
rCorr   .            r - +0 pair of gloves
SInv    .            (boots unavailable)
Will    .....        s - amulet of regeneration
Stlth   +++          (no ring)
HPRegen 1.06/turn    (no ring)
MPRegen 0.14/turn

%: acrobat
@: flying
A: beak, talons 3, evasive flight, acrobatic
a: Renounce Religion, Wall of Briars


You were on level 4 of the Dungeon.
You worshipped Fedhas.
Fedhas was pleased with you.
You visited 1 branch of the dungeon, and saw 5 of its levels.

You collected 208 gold pieces.

Inventory:

Hand Weapons
 d - a +0 short sword
 m - a +0 war axe
 p - a +0 broad axe
 u - a +2 dagger of flaming (weapon)
 w - the +4 flail of Licku {vamp, rF++ Will+}
   (You found it on level 4 of the Dungeon)

   rF++:      It greatly protects you from fire.
   Will+:     It increases your willpower.
Armour
 a - a +0 robe (worn)
 n - a +1 cloak of stealth (worn)
 r - a +0 pair of gloves (worn)
Jewellery
 s - an amulet of regeneration (around neck)
Scrolls
 c - a scroll of teleportation
 g - 2 scrolls of revelation {unknown}
 k - a scroll of enchant weapon {unknown}
 o - a scroll of blinking
 q - a scroll of enchant armour {unknown}
 v - a scroll of vulnerability {unknown}
Potions
 b - a potion of magic
 e - a potion of degeneration {unknown}
 f - 3 potions of heal wounds
 h - a potion of cancellation {unknown}
 i - a potion of berserk rage {unknown}
 j - 2 potions of enlightenment {unknown}
 l - 2 potions of lignification
 t - 4 potions of curing


   Skills:
 + Level 5.5 Dodging
 - Level 2.0 Stealth
 + Level 4.6 Spellcasting
 - Level 1.3 Conjurations
 + Level 7.2 Air Magic


You had 5 spell levels left.
You knew the following spells:

 Your Spells              Type           Power      Damage    Failure   Level
a - Shock                 Conj/Air       72%        1d7       2%          1
b - Static Discharge      Conj/Air       36%        3-5/arc   3%          2
c - Swiftness             Air            28%        N/A       2%          3
d - Airstrike             Air            14%        2d(2-18)  8%          4

Your spell library contained the following spells:

 Spells                   Type           Power      Damage    Failure   Level
 Slow                     Hex            12%        N/A       16%         1
 Confusing Touch          Hex            3%         N/A       41%         3
 Ozocubu's Armour         Ice            3%         N/A       41%         3
 Sigil of Binding         Hex            3%         N/A       41%         3
 Vampiric Draining        Necr           3%         2d6       41%         3
 Metabolic Englaciation   Hex/Ice        1%         N/A       99%         5
 Sculpt Simulacrum        Ice/Alch       1%         N/A       100%        6


Dungeon Overview and Level Annotations

Branches:
Dungeon (5/15) Zot: 24674
 Temple: D:4-7

Altars:
Fedhas
The Shining One

Shops:
D:2 *   D:5 (


Innate Abilities, Weirdness & Mutations

You have a beak for a mouth.
You have claws for feet.
Your magical flight helps you evade attacks. (EV +4)
You can magically evade attacks while moving or waiting.


Message History

The ice beast hits you but does no damage.
Casting: Static Discharge (safe; 3% risk of failure)
Confirm with . or Enter, or press ? or * to list all spells.
The ice beast is struck by an arc of lightning.
The ice beast is heavily wounded.
The orc warrior is struck by an arc of lightning.
The orc warrior is heavily wounded.
You are struck by an arc of lightning.
The lightning grounds out.
The orc warrior is struck by an arc of lightning.
The orc warrior is heavily wounded.
You are struck by an arc of lightning.
The ice beast is struck by an arc of lightning.
The ice beast is severely wounded.
You are struck by an arc of lightning.
The lightning grounds out.
The orc warrior hits you with a +0 battleaxe!
* * * LOW HITPOINT WARNING * * *
The ice beast barely misses you.
You feel much better. The orc warrior misses you. The ice beast misses you.
Okay, then.
Casting: Static Discharge (safe; 3% risk of failure)
Confirm with . or Enter, or press ? or * to list all spells.
The orc warrior is struck by an arc of lightning.
The orc warrior is heavily wounded.
The ice beast is struck by an arc of lightning.
The ice beast is severely wounded.
The orc warrior is struck by an arc of lightning.
The orc warrior is severely wounded.
The lightning grounds out.
The orc warrior hits you with a +0 battleaxe!
The ice beast hits you. The ice beast freezes you!
Casting: Static Discharge (safe; 3% risk of failure)
Confirm with . or Enter, or press ? or * to list all spells.
The orc warrior is struck by an arc of lightning.
The orc warrior is almost dead.
You are struck by an arc of lightning.
The lightning grounds out.
The orc warrior completely misses you. The ice beast hits you.
* * * LOW HITPOINT WARNING * * *
The ice beast freezes you!
You die...
Fedhas appreciates your contribution to the ecosystem.

######...# #...........
#####........## ##..........
#.............### #..........
#...............## #..........
###.[............# #..........
###.......<..### ##.........
###.......## #.........
#####...# #..#....## #..@#
#####..###### ##########
#.Yo###...##.##
#........###.............######
#............####......#..##...
##..........## ##......##......
#..........# #.......###.....
## ##..>......# #......##
#..... .####.........# #......#
#..... ..#..........## #......#
##....


You could see an orc warrior and an ice beast.

Vanquished Creatures
  Menkaure (D:4)
  2 bombardier beetles
  A crimson imp (D:3)
  A hound (D:3)
  Crazy Yiuf (D:2)
  2 iguanas
  Natasha (thrice) (D:2)
  Terence (D:2)
  2 orc wizards (D:4)
  4 gnolls
  6 adders
  2 dart slugs (D:1)
  7 orcs
  8 endoplasms
  3 giant cockroaches
  7 goblins
  7 hobgoblins
  7 jackals (D:1)
  6 quokkas
  6 ball pythons
  7 bats
  6 frilled lizards
  A goblin zombie (D:3)
  2 hobgoblin zombies (D:3)
  6 kobolds
  2 kobold skeletons (D:3)
  A kobold zombie (D:3)
  2 orc skeletons (D:3)
  3 rats
107 creatures vanquished.

Notes
Turn   | Place    | Note
-------+----------+-------------------------------------------
     0 | D:1      | Arcadio the Tengu Air Elementalist began the quest for the
                  | Orb.
     0 | D:1      | Reached XP level 1. HP: 10/10 MP: 4/4
    67 | D:1      | You fall into a shaft and drop 1 floor!
   308 | D:1      | Reached XP level 2. HP: 11/15 MP: 1/6
   535 | D:1      | Learned a level 2 spell: Static Discharge
   582 | D:1      | Reached XP level 3. HP: 17/19 MP: 3/7
  1228 | D:2      | Noticed Natasha
  1236 | D:2      | Killed Natasha
  1237 | D:2      | Reached skill level 5 in Air Magic
  1237 | D:2      | Reached XP level 4. HP: 3/24 MP: 2/9
  1340 | D:2      | Noticed Terence
  1444 | D:2      | Learned a level 3 spell: Swiftness
  1451 | D:2      | Noticed Natasha
  1461 | D:2      | Killed Natasha
  1637 | D:2      | Noticed Natasha
  1644 | D:2      | Killed Natasha
  1645 | D:2      | Reached XP level 5. HP: 27/28 MP: 5/10
  1700 | D:2      | Killed Terence
  1955 | D:2      | Found a faded altar of an unknown god.
  1965 | D:2      | Prayed at the altar of an unknown god.
  1965 | D:2      | Became a worshipper of Fedhas Madash
  1965 | D:2      | Reached * piety under Fedhas
  2017 | D:2      | Found Bien's General Store.
  2404 | D:2      | Found a runed translucent door.
  2405 | D:2      | Noticed Crazy Yiuf
  2548 | D:2      | Killed Crazy Yiuf
  2549 | D:2      | Reached XP level 6. HP: 6/32 MP: 3/12
  2749 | D:3      | Reached skill level 6 in Air Magic
  2844 | D:3      | Learned a level 4 spell: Airstrike
  2895 | D:3      | Found a glowing golden altar of the Shining One.
  3189 | D:3      | Reached ** piety under Fedhas
  3892 | D:4      | Gained mutation: Your magical flight helps you evade
                  | attacks. (EV +4) [Tengu growth]
  3892 | D:4      | Reached XP level 7. HP: 36/36 MP: 9/14
  4002 | D:4      | Reached skill level 5 in Dodging
  4381 | D:4      | Identified the +4 flail of Licku {vamp, rF++ Will+}
  4521 | D:4      | Noticed Menkaure
  4531 | D:4      | Killed Menkaure
  4532 | D:4      | Reached skill level 7 in Air Magic
  5054 | D:5      | Entered Level 5 of the Dungeon
  5059 | D:5      | Found Zoilial's Weapon Boutique.
  5059 | D:5      | Noticed a +0 lajatang
  5059 | D:5      | Noticed a +0 quick blade
  5317 | D:4      | Slain by an ice beast

Illustrated notes

Levels and vault maps discovered:
D:1:      giann_forest_graveyard, layout_rooms
D:2:      layout_basic, serial_shops, nicolae_shop_trees,
          hellmonk_ecumenical_altar_crossroads, bh_walls_and_bars,
          uniq_crazy_yiuf_cottage, uniq_natasha, uniq_terence
D:3:      layout_basic, nicolae_tso_besieged_by_evil
D:4:      layout_cave_pods, uniq_menkaure
D:5:      layout_basic, serial_shops, nicolae_shop_gaudy_bauble,
          nicolae_shop_trees, nicolae_shop_mannequins, nicolae_specific_store,
          nicolae_shop_clearance, uniq_grinder

Skill      XL: |  1  2  3  4  5  6  7 |
---------------+----------------------+-----
Dodging        | 3 4 5 |  5.5
Air Magic      | 5 6 7 |  7.2
Spellcasting   | 3 4 |  4.6
Stealth        | |  2.0
Conjurations   | |  1.3

Action                     |  1- 3 |  4- 6 |  7- 9 || total
---------------------------+-------+-------+-------++-------
  Melee: Short sword       |    40 |    55 |     2 ||    97
         Kick              |    13 |    13 |     2 ||    28
         Peck              |     4 |     9 |     1 ||    14
         Dagger            |       |       |     4 ||     4
   Cast: Shock             |    58 |    56 |    28 ||   142
         Static Discharge  |     3 |    23 |    20 ||    46
 Invoke: Wall of Briars    |       |       |     1 ||     1
    Use: Scroll            |       |     1 |     4 ||     5
         Potion            |       |       |     1 ||     1
   Stab: Sleeping          |     1 |     6 |     1 ||     8
         Distracted        |       |     1 |       ||     1
 Armour: Robe              |    33 |    59 |    36 ||   128
  Dodge: Dodged            |    57 |    57 |    25 ||   139

Table legend: (Time is in decaauts)
 A = Elapsed time spent in this place.
 B = Non-inter-level travel time spent in this place.
 C = Inter-level travel time spent in this place.
 D = Time resting spent in this place.
 E = Time spent auto-exploring this place.
 F = Levels seen in this place.
 G = Mean time per level.
                   A        B        C        D        E       F      G
               +--------+--------+--------+--------+--------+-----+--------+
         Total |   5324 |   5129 |    195 |    300 |   4002 |   5 | 1064.8 |
       Dungeon |   5324 |   5129 |    195 |    300 |   4002 |   5 | 1064.8 |
               +--------+--------+--------+--------+--------+-----+--------+

Top non-repeatable levels by time:
     D:2: 1680 daAuts
     D:4: 1417 daAuts
     D:1: 1011 daAuts
     D:3: 997 daAuts
     D:5: 217 daAuts
